[ AOE2 MATCH · #507153602 ]
UnrankedKhitans vs Portuguese
Player's team · LOSS
[ REPLAY ANALYSIS · EXTRACTED FROM THE RECORDED GAME ]
Feudal
9:01
Castle
20:39
Imperial
37:49
| APM avg | 92.5 |
| APM peak | 179 |
| eAPM avg | 39.7 |
| Villagers / military | 135 / 85 |
Focus
⚔️ 65.9% · 🌾 34.1%
Cavalry Archer ×58 · Scout Cavalry ×13 · Iron Pagoda ×8 · Unknown (1920) ×5 · Trebuchet (Packed) ×4 · Archer ×2
Feudal
9:12
Castle
20:22
Imperial
39:14
| APM avg | 49.6 |
| APM peak | 76 |
| eAPM avg | 30.8 |
| Villagers / military | 267 / 207 |
Focus
⚔️ 35.9% · 🌾 64.1%
Spearman ×92 · Knight ×48 · Organ Gun ×45 · Mangonel ×10 · Militia ×7 · Trebuchet (Packed) ×5
Match map
Initial resources + every placement click. Lines = walls · curves = elevation contours. ◆ gold · ⬟ stone · ● berries · ✦ relic · ◌ wall gap
Your base· ✓ Closed at 20:39 · 40t walls · no gate
Attila Empires's base· ✓ Closed at 20:22 · 72t walls · no gate
Smoothed initial terrain · ◌ = detected wall gap · hover for details
Inputs per minute
— __Chino - - Attila Empires
Build order — __Chino
First 150 of 392 actions detected
| 0:00 | Queue | Villager (Male) |
| 0:00 | Queue | Villager (Male) |
| 0:00 | Queue | Villager (Male) |
| 0:02 | Build | House |
| 0:03 | Build | House |
| 0:08 | Queue | Villager (Male) |
| 1:23 | Queue | Villager (Male) |
| 1:23 | Queue | Villager (Male) |
| 1:51 | Queue | Villager (Male) |
| 2:00 | Build | Lumber Camp |
| 2:22 | Queue | Villager (Male) |
| 2:52 | Queue | Villager (Male) |
| 2:54 | Queue | Villager (Male) |
| 3:35 | Queue | Villager (Male) |
| 3:51 | Build | House |
| 4:01 | Queue | Villager (Male) |
| 4:09 | Queue | Villager (Male) |
| 4:32 | Build | Palisade Wall |
| 4:45 | Queue | Villager (Male) |
| 5:19 | Queue | Villager (Male) |
| 5:21 | Research | Loom |
| 5:53 | Build | Mill |
| 6:13 | Queue | Villager (Male) |
| 6:51 | Research | Feudal Age |
| 6:51 | Research | Feudal Age |
| 7:33 | Build | Palisade Wall |
| 7:34 | Build | Palisade Wall |
| 7:53 | Build | Barracks |
| 8:23 | Build | Palisade Wall |
| 8:35 | Build | House |
| 8:46 | Queue | Villager (Male) |
| 9:01 | Age | Feudal Age |
| 9:02 | Build | Palisade Wall |
| 9:10 | Build | Stable |
| 9:13 | Build | Palisade Wall |
| 9:18 | Build | Palisade Wall |
| 9:25 | Queue | Villager (Male) |
| 9:46 | Build | House |
| 9:49 | Queue | Villager (Male) |
| 9:57 | Queue | Scout Cavalry |
| 10:04 | Queue | Scout Cavalry |
| 10:10 | Queue | Villager (Male) |
| 10:15 | Build | Pasture |
| 10:30 | Queue | Villager (Male) |
| 10:36 | Queue | Scout Cavalry |
| 10:52 | Queue | Villager (Male) |
| 11:03 | Queue | Scout Cavalry |
| 11:14 | Build | Mill |
| 11:17 | Build | House |
| 11:26 | Queue | Villager (Male) |
| 11:42 | Queue | Villager (Male) |
| 11:45 | Build | Pasture |
| 11:52 | Queue | Villager (Male) |
| 12:15 | Queue | Villager (Male) |
| 12:26 | Queue | Scout Cavalry |
| 12:31 | Build | Blacksmith |
| 12:36 | Build | House |
| 12:44 | Queue | Villager (Male) |
| 13:05 | Queue | Villager (Male) |
| 13:10 | Build | Pasture |
| 13:19 | Build | Palisade Wall |
| 13:22 | Queue | Scout Cavalry |
| 13:35 | Queue | Villager (Male) |
| 13:47 | Build | Pasture |
| 13:51 | Research | Forging |
| 13:51 | Research | Forging |
| 13:52 | Queue | Villager (Male) |
| 14:11 | Build | Palisade Wall |
| 14:16 | Queue | Villager (Male) |
| 14:18 | Build | Pasture |
| 14:59 | Queue | Villager (Male) |
| 14:59 | Queue | Villager (Male) |
| 15:02 | Build | Pasture |
| 15:04 | Queue | Villager (Male) |
| 15:15 | Build | House |
| 15:21 | Build | Mining Camp |
| 15:29 | Queue | Villager (Male) |
| 15:53 | Queue | Villager (Male) |
| 16:09 | Queue | Villager (Male) |
| 16:14 | Build | House |
| 16:38 | Build | Archery Range |
| 16:39 | Build | Palisade Wall |
| 16:43 | Queue | Villager (Male) |
| 17:07 | Queue | Villager (Male) |
| 17:14 | Build | Pasture |
| 17:26 | Queue | Villager (Male) |
| 17:32 | Build | Archery Range |
| 17:43 | Queue | Archer |
| 17:52 | Research | Castle Age |
| 17:52 | Research | Castle Age |
| 18:29 | Research | Fletching |
| 18:29 | Research | Fletching |
| 19:08 | Build | Pasture |
| 19:10 | Research | Tech 1014 |
| 19:11 | Research | Double-Bit Axe |
| 19:46 | Research | Gold Mining |
| 20:03 | Queue | Villager (Male) |
| 20:30 | Build | Pasture |
| 20:39 | Age | Castle Age |
| 20:42 | Queue | Cavalry Archer |
| 20:42 | Queue | Cavalry Archer |
| 20:44 | Research | Bow Saw |
| 20:47 | Queue | Villager (Male) |
| 20:48 | Research | Husbandry |
| 21:00 | Queue | Cavalry Archer |
| 21:00 | Queue | Cavalry Archer |
| 21:03 | Research | Bodkin Arrow |
| 21:03 | Research | Bodkin Arrow |
| 21:09 | Queue | Villager (Male) |
| 21:13 | Build | Town Center |
| 21:31 | Queue | Cavalry Archer |
| 21:33 | Queue | Cavalry Archer |
| 21:35 | Queue | Villager (Male) |
| 21:52 | Build | Pasture |
| 22:03 | Build | House |
| 22:25 | Build | Pasture |
| 22:38 | Queue | Villager (Male) |
| 22:54 | Build | Siege Workshop |
| 22:59 | Build | Siege Workshop |
| 23:23 | Queue | Villager (Male) |
| 23:25 | Queue | Villager (Male) |
| 23:30 | Queue | Villager (Male) |
| 23:34 | Build | House |
| 23:35 | Build | House |
| 23:38 | Build | House |
| 23:41 | Build | House |
| 23:41 | Build | House |
| 23:42 | Build | House |
| 23:44 | Build | Stone Wall |
| 23:45 | Queue | Iron Pagoda |
| 23:56 | Queue | Villager (Male) |
| 24:01 | Queue | Villager (Male) |
| 24:12 | Queue | Villager (Male) |
| 24:12 | Queue | Villager (Male) |
| 24:20 | Build | Stone Wall |
| 24:44 | Queue | Villager (Male) |
| 24:45 | Queue | Villager (Male) |
| 24:47 | Queue | Iron Pagoda |
| 24:54 | Build | Archery Range |
| 25:03 | Queue | Villager (Male) |
| 25:09 | Build | Mining Camp |
| 25:13 | Queue | Villager (Male) |
| 25:31 | Research | Heavy Cavalry Archer (upgrade) |
| 25:32 | Research | Heavy Cavalry Archer (upgrade) |
| 25:35 | Queue | Villager (Male) |
| 25:35 | Queue | Cavalry Archer |
| 25:36 | Queue | Cavalry Archer |
| 25:41 | Queue | Villager (Male) |
| 25:59 | Queue | Iron Pagoda |
| 26:21 | Queue | Villager (Male) |
Build order — Attila Empires
First 150 of 593 actions detected
| 0:00 | Queue | Villager (Male) |
| 0:01 | Queue | Villager (Male) |
| 0:01 | Queue | Villager (Male) |
| 0:02 | Build | House |
| 0:03 | Build | House |
| 0:05 | Queue | Villager (Male) |
| 0:06 | Queue | Villager (Male) |
| 0:06 | Queue | Villager (Male) |
| 1:27 | Queue | Villager (Male) |
| 1:27 | Queue | Villager (Male) |
| 1:46 | Build | Lumber Camp |
| 1:54 | Queue | Villager (Male) |
| 1:54 | Queue | Villager (Male) |
| 2:20 | Queue | Villager (Male) |
| 2:21 | Queue | Villager (Male) |
| 2:21 | Queue | Villager (Male) |
| 2:49 | Queue | Villager (Male) |
| 2:49 | Queue | Villager (Male) |
| 2:51 | Queue | Villager (Male) |
| 3:33 | Queue | Villager (Male) |
| 3:33 | Queue | Villager (Male) |
| 3:33 | Queue | Villager (Male) |
| 3:53 | Build | House |
| 3:59 | Queue | Villager (Male) |
| 3:59 | Queue | Villager (Male) |
| 4:19 | Queue | Villager (Male) |
| 4:19 | Queue | Villager (Male) |
| 4:20 | Queue | Villager (Male) |
| 4:20 | Queue | Villager (Male) |
| 5:14 | Queue | Villager (Male) |
| 5:28 | Queue | Villager (Male) |
| 5:28 | Queue | Villager (Male) |
| 5:39 | Build | Barracks |
| 5:41 | Build | House |
| 5:45 | Build | House |
| 5:48 | Queue | Villager (Male) |
| 6:06 | Research | Loom |
| 6:58 | Research | Feudal Age |
| 7:01 | Build | Mill |
| 7:23 | Queue | Militia |
| 7:24 | Queue | Militia |
| 7:24 | Queue | Militia |
| 7:43 | Queue | Militia |
| 7:43 | Queue | Militia |
| 8:09 | Build | House |
| 8:10 | Build | House |
| 8:13 | Queue | Militia |
| 8:13 | Queue | Militia |
| 8:23 | Queue | Villager (Male) |
| 9:12 | Age | Feudal Age |
| 9:13 | Research | Man-at-Arms (upgrade) |
| 9:13 | Research | Man-at-Arms (upgrade) |
| 9:14 | Research | Horse Collar |
| 9:14 | Research | Horse Collar |
| 9:19 | Build | Farm |
| 9:20 | Build | Farm |
| 9:21 | Build | Farm |
| 9:34 | Queue | Villager (Male) |
| 9:40 | Build | Palisade Wall |
| 9:42 | Build | Palisade Wall |
| 9:47 | Build | Palisade Wall |
| 9:48 | Queue | Spearman |
| 9:55 | Queue | Villager (Male) |
| 9:55 | Queue | Villager (Male) |
| 9:55 | Queue | Villager (Male) |
| 9:59 | Build | Palisade Wall |
| 10:11 | Build | Palisade Wall |
| 10:12 | Build | Palisade Wall |
| 10:16 | Queue | Villager (Male) |
| 10:16 | Queue | Villager (Male) |
| 10:16 | Queue | Villager (Male) |
| 10:20 | Queue | Spearman |
| 10:29 | Build | Palisade Wall |
| 10:34 | Queue | Villager (Male) |
| 10:34 | Queue | Villager (Male) |
| 10:38 | Build | Palisade Wall |
| 10:44 | Queue | Villager (Male) |
| 10:44 | Queue | Villager (Male) |
| 11:00 | Build | Palisade Wall |
| 11:04 | Queue | Villager (Male) |
| 11:33 | Build | House |
| 11:34 | Queue | Villager (Male) |
| 11:35 | Queue | Villager (Male) |
| 11:36 | Build | Farm |
| 11:37 | Build | Farm |
| 11:52 | Build | Mill |
| 11:57 | Build | Palisade Wall |
| 12:13 | Queue | Villager (Male) |
| 12:13 | Queue | Villager (Male) |
| 12:13 | Queue | Villager (Male) |
| 12:19 | Build | House |
| 12:29 | Queue | Villager (Male) |
| 12:29 | Queue | Villager (Male) |
| 12:29 | Queue | Villager (Male) |
| 12:31 | Build | Farm |
| 12:36 | Build | Farm |
| 12:46 | Queue | Spearman |
| 12:47 | Queue | Villager (Male) |
| 12:48 | Queue | Villager (Male) |
| 12:48 | Queue | Villager (Male) |
| 13:12 | Queue | Villager (Male) |
| 13:13 | Queue | Villager (Male) |
| 13:13 | Queue | Villager (Male) |
| 13:17 | Research | Double-Bit Axe |
| 13:17 | Research | Double-Bit Axe |
| 13:17 | Research | Double-Bit Axe |
| 13:23 | Queue | Spearman |
| 13:25 | Queue | Spearman |
| 13:26 | Queue | Villager (Male) |
| 13:26 | Queue | Villager (Male) |
| 13:26 | Queue | Villager (Male) |
| 13:27 | Queue | Villager (Male) |
| 13:46 | Queue | Spearman |
| 13:47 | Queue | Spearman |
| 13:58 | Build | Farm |
| 14:24 | Queue | Villager (Male) |
| 14:27 | Build | Mining Camp |
| 14:43 | Queue | Villager (Male) |
| 14:45 | Build | Farm |
| 14:46 | Build | Farm |
| 15:05 | Queue | Villager (Male) |
| 15:26 | Research | Wheelbarrow |
| 16:10 | Build | Market |
| 16:32 | Build | Mining Camp |
| 17:07 | Build | Blacksmith |
| 17:08 | Queue | Villager (Male) |
| 17:30 | Queue | Spearman |
| 17:31 | Queue | Spearman |
| 17:41 | Research | Castle Age |
| 17:42 | Research | Castle Age |
| 17:51 | Build | House |
| 17:53 | Build | House |
| 17:56 | Queue | Spearman |
| 17:56 | Queue | Spearman |
| 17:57 | Queue | Spearman |
| 18:14 | Queue | Spearman |
| 18:14 | Queue | Spearman |
| 18:19 | Build | House |
| 18:20 | Build | House |
| 18:22 | Build | House |
| 18:23 | Build | House |
| 18:41 | Queue | Spearman |
| 18:51 | Queue | Villager (Male) |
| 19:05 | Queue | Spearman |
| 19:26 | Queue | Villager (Male) |
| 19:26 | Queue | Villager (Male) |
| 19:52 | Build | Palisade Wall |
| 20:05 | Queue | Villager (Male) |
| 20:05 | Queue | Villager (Male) |
| 20:22 | Age | Castle Age |
Match timeline
| 4:32 | __Chino · wall_segment Palisade Wall x14 |
| 5:39 | Attila Empires · first_building Barracks |
| 7:33 | __Chino · wall_segment Palisade Wall x2 |
| 7:34 | __Chino · wall_segment Palisade Wall x1 |
| 7:53 | __Chino · first_building Barracks |
| 8:23 | __Chino · wall_segment Palisade Wall x6 |
| 9:01 | __Chino · age_up feudal |
| 9:02 | __Chino · wall_segment Palisade Wall x11 |
| 9:10 | __Chino · first_building Stable |
| 9:12 | Attila Empires · age_up feudal |
| 9:13 | __Chino · wall_segment Palisade Wall x3 |
| 9:18 | __Chino · wall_segment Palisade Wall x1 |
| 9:40 | Attila Empires · wall_segment Palisade Wall x8 |
| 9:42 | Attila Empires · wall_segment Palisade Wall x1 |
| 9:47 | Attila Empires · wall_segment Palisade Wall x12 |
| 9:59 | Attila Empires · wall_segment Palisade Wall x10 |
| 10:11 | Attila Empires · wall_segment Palisade Wall x20 |
| 10:12 | Attila Empires · wall_segment Palisade Wall x2 |
| 10:29 | Attila Empires · wall_segment Palisade Wall x3 |
| 10:38 | Attila Empires · wall_segment Palisade Wall x13 |
| 11:00 | Attila Empires · wall_segment Palisade Wall x3 |
| 11:57 | Attila Empires · wall_segment Palisade Wall x6 |
| 13:19 | __Chino · wall_segment Palisade Wall x1 |
| 14:11 | __Chino · wall_segment Palisade Wall x1 |
| 16:38 | __Chino · first_building Archery Range |
| 16:39 | __Chino · wall_segment Palisade Wall x1 |
| 19:52 | Attila Empires · wall_segment Palisade Wall x1 |
| 20:22 | Attila Empires · age_up castle |
| 20:28 | Attila Empires · first_building Castle |
| 20:39 | __Chino · age_up castle |
| 22:05 | Attila Empires · wall_segment Stone Wall x1 |
| 22:08 | Attila Empires · wall_segment Stone Wall x6 |
| 22:30 | Attila Empires · wall_segment Stone Wall x12 |
| 22:54 | __Chino · first_building Siege Workshop |
| 23:01 | Attila Empires · wall_segment Stone Wall x1 |
| 23:44 | __Chino · wall_segment Stone Wall x1 |
| 24:12 | Attila Empires · wall_segment Stone Wall x4 |
| 24:20 | __Chino · wall_segment Stone Wall x1 |
| 25:49 | Attila Empires · first_market_buy 100 stone |
| 26:52 | Attila Empires · first_building Siege Workshop |
| 27:53 | Attila Empires · wall_segment Stone Wall x1 |
| 30:34 | __Chino · first_building Castle |
| 35:57 | Attila Empires · first_market_sell 100 stone |
| 36:54 | Attila Empires · wall_segment Stone Wall x1 |
| 36:56 | Attila Empires · wall_segment Stone Wall x1 |
| 37:49 | __Chino · age_up imperial |
| 39:14 | Attila Empires · age_up imperial |
| 42:12 | Attila Empires · first_building Stable |
| 44:02 | __Chino · first_market_sell 500 wood |
| 49:24 | __Chino · resign |
[ AI ANALYSIS · 1 CREDIT ]
What really happened in this match?
Wolo.gg analyzes every decision: build order, eco, micro, common mistakes by bracket. Personalized analysis on WhatsApp or Discord in 30 seconds.
Civ guide
Khitans
Perfil
Jugador #3254820